 Dungeon Crawl Stone Soup version 0.32-a0-391-gce5c0aab1b (webtiles) character file.

Game seed: 14830661118921600083

663 spaghetti the Slasher (level 7, 0/45 (52) HPs)
             Began as a Coglin Chaos Knight on Feb 19, 2024.
             Was a Plaything of Xom.
             Slain by a sun demon (4 damage)
             ... summoned by Xom
             ... on level 5 of the Dungeon.
             The game lasted 00:05:28 (3855 turns).

spaghetti the Slasher (Coglin Chaos Knight)         Turns: 3855, Time: 00:05:29

HP:   0/45 (52)     AC: 11    Str: 13    XL:     7   Next: 56%
MP:   7/7           EV: 11    Int: 11    God:    Xom [......]
Gold: 236           SH:  0    Dex: 15    Spells: 6/6 levels left

rFire   + + .        a - +0 falchion (chaos) {Kammani}
rCold   + . .        m - +1 dagger (chaos) {Isabel}
rNeg    . . .        b - +2 leather armour
rPois   +            (helmet restricted)
rElec   +            (no cloak)
rCorr   +            k - +1 pair of gloves of Dogmatism {rF+ rCorr}
SInv    .            o - +2 pair of boots
Will    .....        (no amulet)
Stlth   +            (no ring)
HPRegen 0.27/turn    (no ring)
MPRegen 0.10/turn

%: clarity
@: about to teleport, resistant, weakened, hasted, heavily drained, revved,
stiff-legged, very slow
A: off-hand wielding, slow wielding, warmup strikes, warmup strides, horns 1,
clarity, sense surroundings 1, wild magic 1
a: Renounce Religion


You were on level 5 of the Dungeon.
You worshipped Xom.
You were a very special plaything of Xom.
You visited 1 branch of the dungeon, and saw 5 of its levels.

You collected 236 gold pieces.

Inventory:

Hand Weapons
 a - a +0 falchion of chaos (weapon) {Kammani}
 m - a +1 dagger of chaos (worn) {Isabel}
Armour
 b - a +2 leather armour (worn)
 d - a +0 buckler of protection
 h - a +0 helmet
 k - the +1 pair of gloves of Dogmatism (worn) {rF+ rCorr}
   (You found it on level 2 of the Dungeon)

   rF+:       It protects you from fire.
   rCorr:     It protects you from acid and corrosion.
 o - a +2 pair of boots (worn)
Jewellery
 q - an amulet of magic regeneration
Wands
 i - a wand of flame (29)
Scrolls
 c - a scroll of fear {unknown}
 e - 3 scrolls of identify
 f - a scroll of enchant weapon
 l - 3 scrolls of poison {unknown}
 p - a scroll of fog {unknown}
 r - a scroll of torment {unknown}
 t - a scroll of amnesia {unknown}
Potions
 j - a potion of berserk rage
 n - 3 potions of might


   Skills:
 - Level 3.0 Fighting
 + Level 7.1 Long Blades
 + Level 4.6 Armour
 - Level 0.8 Dodging


You had 6 spell levels left.
You didn't know any spells.
Your spell library contained the following spells:

 Spells                   Type           Power      Damage    Failure   Level
 Kiss of Death            Conj/Necr      0%         2d5       50%         1
 Confusing Touch          Hex            0%         N/A       85%         3
 Stone Arrow              Conj/Erth      0%         3d7       85%         3
 Animate Armour           Summ/Erth      0%         N/A       99%         4
 Dispel Undead            Necr           0%         3d6       99%         4
 Summon Forest            Summ/Tloc      0%         N/A       100%        5
 Eringya's Noxious Bog    Alch           0%         4d6       100%        6
 Summon Hydra             Summ           0%         N/A       100%        7
 Lehudib's Crystal Spear  Conj/Erth      0%         10d2      100%        8


Dungeon Overview and Level Annotations

Branches:
Dungeon (5/15)
 Temple: D:4-7

Altars:
Nemelex Xobeh
Trog
Yredelemnul

Annotations:
D:1 2 transporters


Innate Abilities, Weirdness & Mutations

You can wield a second weapon in your off-hand.
It takes a long time for you to wield or remove held weapons.
Your first few attacks do less damage.
Your first movements take longer.
You have a pair of small horns on your head.
You possess an exceptional clarity of mind.
You passively map a small area around you.
Your spells are a little harder to cast, but a little more powerful.


Message History

Unknown command.
Unknown command.
You barely miss the gnoll bouda with your +0 falchion of chaos.
The gnoll bouda is moderately wounded.
You closely miss the gnoll bouda with your +1 dagger of chaos.
The gnoll bouda gazes fiercely through you!
You feel your attacks grow feeble. The gnoll bouda barely misses you.
The iron imp picks up a beetle and eats it.
The iron imp hits you.
Unknown command.
Unknown command.
You hit the gnoll bouda with your +1 dagger of chaos.
The gnoll bouda blinks!
The gnoll bouda is heavily wounded.
Unknown command.
Unknown command.
Unknown command.
You hit the gnoll but do no damage.
You hit the gnoll with your +0 falchion of chaos.
You burn the gnoll. The shadow imp barely misses you.
Unknown command.
Unknown command.
You hit the gnoll with your +1 dagger of chaos.
The gnoll is heavily wounded.
You hit the gnoll with your +0 falchion of chaos.
You kill the gnoll!
The sun demon hits you!
You are engulfed in flames.
You resist. The iron imp closely misses you.
The shadow imp hits you but does no damage.
The smoke demon gestures at you. Xom smites you!
* * * LOW HITPOINT WARNING * * *
Unknown command.
Unknown command.
Unknown command.
It was a potion of resistance.
You feel protected. The sun demon hits you.
You die...

* ##### ########## , *
....# #...g@53.#, ....#
#...3)5..#,, , ,,, ....#
#.....g..# , *
...##########)####### ,
...#........#.##....####
...#......#.............
...'......#.............
...#......#.....<.......
+
...#......#...##....####


You could see a sun demon (summoned), a smoke demon (summoned), a gnoll bouda
(very poisoned), an iron imp (summoned), a gnoll (swift) and a shadow imp
(summoned).

Vanquished Creatures
  An ogre (D:4)
  3 hounds (D:4)
  An orc priest (D:4)
  Jessica (D:3)
  3 iguanas
  An orc wizard (D:4)
  8 adders
  6 gnolls
  A dart slug (D:2)
  2 ribbon worms
  9 orcs
  12 ball pythons
  3 bats
  8 endoplasms
  10 giant cockroaches
  6 goblins
  10 hobgoblins
  3 quokkas
  10 frilled lizards
  7 kobolds
  9 rats
114 creatures vanquished.

Vanquished Creatures (others)
  An arcanist (D:3)
1 creature vanquished.

Grand Total: 115 creatures vanquished

Notes
Turn   | Place    | Note
-------+----------+-------------------------------------------
     0 | D:1      | spaghetti the Coglin Chaos Knight began the quest for the
                  | Orb.
     0 | D:1      | Reached XP level 1. HP: 18/18 MP: 1/1
    96 | D:1      | Reached XP level 2. HP: 23/24 MP: 2/2
   221 | D:1      | Reached skill level 4 in Long Blades
   229 | D:1      | Reached XP level 3. HP: 24/29 MP: 3/3
   827 | D:2      | Reached XP level 4. HP: 22/35 MP: 4/4
   895 | D:2      | Reached skill level 5 in Long Blades
   992 | D:2      | Identified the +1 pair of gloves of Dogmatism {rF+ rCorr}
   997 | D:2      | XOM: noise
  1120 | D:2      | Reached XP level 5. HP: 41/41 MP: 5/5
  1300 | D:2      | XOM: silly message
  1615 | D:3      | Noticed Jessica
  1620 | D:3      | XOM: butterfly on damage
  1622 | D:3      | Killed Jessica
  1774 | D:3      | XOM: summons 3 hostile demons
  1775 | D:3      | Noticed a smoke demon
  1957 | D:3      | Found a basalt altar of Yredelemnul.
  2084 | D:3      | Found a sparkling altar of Nemelex Xobeh.
  2092 | D:3      | Found a faded altar of an unknown god.
  2103 | D:3      | XOM: noise
  2147 | D:3      | Found a bloodstained altar of Trog.
  2148 | D:3      | Noticed a wizard
  2153 | D:3      | Killed a wizard
  2225 | D:3      | Reached XP level 6. HP: 47/47 MP: 6/6
  2288 | D:3      | XOM: summons 3 hostile shadow creatures
  2416 | D:4      | XOM: noise
  2446 | D:4      | Reached skill level 6 in Long Blades
  2518 | D:4      | XOM: torment (25/47 hp)
  2705 | D:4      | XOM: blink monster(s)
  2711 | D:4      | XOM: chaos upgrade
  2826 | D:4      | Identified the +4 mace "Vyjos" {freeze, +Blink rF+ Dex-4}
  2856 | D:4      | XOM: 3-stop teleportation journey
  2865 | D:4      | Noticed Sigmund
  2873 | D:4      | Sigmund changed into Sigmund the ogre
  2873 | D:4      | Noticed Sigmund
  2873 | D:4      | XOM: polymorph Sigmund -> Sigmund the ogre
  2875 | D:4      | Killed Sigmund the ogre
  2876 | D:4      | Reached XP level 7. HP: 46/52 MP: 7/7
  2882 | D:4      | XOM: give mutation
  2882 | D:4      | Gained mutation: You passively map a small area around you.
                  | [Xom's mischief]
  2925 | D:4      | HP: 2/52 [orc/+0 hand axe (7)]
  3503 | D:4      | XOM: give mutations
  3503 | D:4      | Gained mutation: Your spells are a little harder to cast,
                  | but a little more powerful. [Xom's mischief]
  3503 | D:4      | Gained mutation: You possess an exceptional clarity of
                  | mind. [Xom's mischief]
  3503 | D:4      | Gained mutation: You have a pair of small horns on your
                  | head. [Xom's mischief]
  3634 | D:5      | Entered Level 5 of the Dungeon
  3664 | D:5      | Reached skill level 7 in Long Blades
  3840 | D:5      | XOM: draining
  3844 | D:5      | XOM: chaos upgrade
  3848 | D:5      | XOM: swap monsters
  3849 | D:5      | XOM: summons 4 hostile demons
  3850 | D:5      | Noticed a sun demon
  3850 | D:5      | Noticed a smoke demon
  3855 | D:5      | Slain by a sun demon

Illustrated notes

Levels and vault maps discovered:
D:1:      spicycebolla_arrival_transporter_tutorial, layout_basic,
          minmay_misc_feat_diagonals
D:2:      layout_loops_ring, minmay_snake_closets, uniq_crazy_yiuf_cottage
D:3:      minmay_roachtagon, layout_rooms, mainiacjoe_overflow_boulevard,
          trog_wizard, nemelex_diamond_rough_becter, basic_ecumenical_altar,
          hangedman_abyss_or_decor_stabs, grunt_ministairs_1, minivault_24,
          uniq_jessica
D:4:      layout_basic, chequers_serial_rivers_marsh, minmay_lizard_king,
          uniq_sigmund
D:5:      layout_gridville, cheibrodos_ashenzari_chains

Skill      XL: |  1  2  3  4  5  6  7 |
---------------+----------------------+-----
Long Blades    | 4 5 6 7 |  7.1
Armour         | 2 3 4 |  4.6
Fighting       | |  3.0
Dodging        | |  0.8

Action                     |  1- 3 |  4- 6 |  7- 9 || total
---------------------------+-------+-------+-------++-------
  Melee: Falchion          |   103 |   221 |    46 ||   370
         Dagger            |       |     7 |    47 ||    54
         Headbutt          |       |       |     6 ||     6
    Use: Potion            |       |     5 |     1 ||     6
         Scroll            |       |     3 |     1 ||     4
   Stab: Sleeping          |     1 |     4 |       ||     5
 Armour: Leather armour    |    64 |   190 |    48 ||   302
  Dodge: Dodged            |    47 |   132 |    27 ||   206
  Block: Buckler           |    19 |    57 |       ||    76

Table legend: (Time is in decaauts)
 A = Elapsed time spent in this place.
 B = Non-inter-level travel time spent in this place.
 C = Inter-level travel time spent in this place.
 D = Time resting spent in this place.
 E = Time spent auto-exploring this place.
 F = Levels seen in this place.
 G = Mean time per level.
                   A        B        C        D        E       F      G
               +--------+--------+--------+--------+--------+-----+--------+
         Total |   4079 |   3983 |     96 |    266 |   2889 |   5 |  815.8 |
       Dungeon |   4079 |   3983 |     96 |    266 |   2889 |   5 |  815.8 |
               +--------+--------+--------+--------+--------+-----+--------+

Top non-repeatable levels by time:
     D:4: 1288 daAuts
     D:2: 995 daAuts
     D:3: 837 daAuts
     D:1: 727 daAuts
     D:5: 229 daAuts
